 Dungeon Crawl Stone Soup version 0.30-a0-373-gd37427bb62 (webtiles) character file.

Game seed: 4979764403330276632

918 Bnni the Poker (level 8, -2/97 HPs)
             Began as a Formicid Fighter on Nov 24, 2022.
             Slain by Prince Ribbit (6 damage)
             ... on level 5 of the Dungeon.
             The game lasted 00:05:49 (4204 turns).

Bnni the Poker (Formicid Fighter)                   Turns: 4204, Time: 00:05:49

Health: -2/97      AC: 24    Str: 29    XL:     8   Next: 31%
Magic:  8/8        EV:  2    Int:  8    God:
Gold:   141        SH:  5    Dex: 13    Spells: 7/7 levels left

rFire   . . .      SeeInvis .    a - +0 trident
rCold   . . .      Faith    .    c - +0 buckler
rNeg    . . .      Spirit   .    (body armour currently unavailable)
rPois   +          Reflect  .    (helmet unavailable)
rElec   .          Harm     .    (cloak currently unavailable)
rCorr   .          Rampage  .    (gloves currently unavailable)
Will    .....                    (boots currently unavailable)
Stlth   +.........               (no amulet)
HPRegen 0.36/turn                y - +6 ring of strength
MPRegen 0.11/turn                (no ring)

@: mighty, tree-form
A: stationary, stasis, torment immunity, boosted hp, permanent stasis, dig
shafts and tunnels, (antennae 3), four strong arms
a: no special abilities


You were on level 5 of the Dungeon.
You were a tree.
You visited 1 branch of the dungeon, and saw 5 of its levels.

You collected 323 gold pieces.
You spent 182 gold pieces at shops.

Inventory:

Hand Weapons
 a - a +0 trident (weapon)
Missiles
 q - 3 poisoned darts (quivered)
 u - 2 boomerangs
Armour
 b - a +0 scale mail (melded)
 c - a +0 buckler (worn)
 g - a +2 pair of boots (melded)
 x - a +0 pair of gloves (melded)
Jewellery
 y - a +6 ring of strength (left branch)
Scrolls
 d - 2 scrolls of enchant armour {unknown}
 j - a scroll of identify {unknown}
 k - 5 scrolls of poison {unknown}
 l - 2 scrolls of amnesia {unknown}
 m - 3 scrolls of immolation {unknown}
 p - a scroll of magic mapping {unknown}
 t - 3 scrolls of teleportation {unknown}
 v - a scroll of vulnerability {unknown}
 w - a scroll of fog {unknown}
 A - a scroll of blinking {unknown}
Potions
 e - a potion of resistance {unknown}
 h - a potion of berserk rage {unknown}
 i - 2 potions of degeneration {unknown}
 n - 3 potions of attraction
 r - a potion of haste {unknown}
 z - 2 potions of magic {unknown}


   Skills:
 + Level 6.3 Fighting
 * Level 7.3 Polearms
 - Level 3.2 Armour
 - Level 5.0 Shields


You had 7 spell levels left.
You didn't know any spells.
Your spell library contained the following spells:

 Spells                   Type           Power      Damage    Failure   Level
 Foxfire                  Conj/Fire      0%         2x1d4     45%         1
 Fireball                 Conj/Fire      0%         3d3       100%        5
 Starburst                Conj/Fire      0%         6d3       100%        6


Dungeon Overview and Level Annotations

Branches:
Dungeon (5/15)
 Temple: D:4-7

Altars:
Cheibriados
Dithmenos
Hepliaklqana
Makhleb
Qazlal
Sif Muna
Trog
Uskayaw
Xom
Zin

Shops:
D:1 =!

Annotations:
D:5 Prince Ribbit


Innate Abilities, Weirdness & Mutations

You are a tree.
Your roots penetrate the ground, keeping you stationary.
You cannot be teleported.
You are immune to unholy pain and torment.
Your maximum health is greatly increased.
Your equipment is partially melded.
You cannot be hasted, slowed, berserked, paralysed or teleported.
You can dig through walls and to a lower floor.
((You have a pair of large antennae on your head. (SInv)))
Your four strong arms can wield two-handed weapons with a shield.


Message History

You turn into a tree.
Your +0 pair of gloves melds into your body.
Your +2 pair of boots melds into your body.
Your +0 scale mail melds into your body.
Your roots penetrate the ground.
Prince Ribbit looks more healthy.
Prince Ribbit barely misses you.
You feel better.
Prince Ribbit hits you but does no damage.
You barely miss Prince Ribbit.
Prince Ribbit is lightly wounded.
Prince Ribbit hits you.
* * * LOW HITPOINT WARNING * * *
You block Prince Ribbit's attack.
You feel very mighty all of a sudden. Prince Ribbit barely misses you.
You barely miss Prince Ribbit.
Prince Ribbit is lightly wounded.
Prince Ribbit completely misses you.
You miss Prince Ribbit.
Prince Ribbit is lightly wounded.
Prince Ribbit hits you!
* * * LOW HITPOINT WARNING * * *
Prince Ribbit completely misses you.
You closely miss Prince Ribbit.
Prince Ribbit lets out a mournful croak.
Prince Ribbit hits you but does no damage.
You puncture Prince Ribbit!
Prince Ribbit is moderately wounded.
Prince Ribbit hits you but does no damage.
You impale Prince Ribbit!!
Prince Ribbit is almost dead.
Prince Ribbit hits you!
* * * LOW HITPOINT WARNING * * *
Prince Ribbit hits you but does no damage.
You feel better. Prince Ribbit hits you!
* * * LOW HITPOINT WARNING * * *
You feel better. Prince Ribbit hits you.
* * * LOW HITPOINT WARNING * * *
Prince Ribbit hits you.
You die...

#............... #.
#............... #.#
#............... #..
#...............
#####.#####...............
((..(....##...............
.........##...............
≈≈≈...≈..##...............
#...F♣................
≈≈≈≈≈≈..####..............
≈_.≈#≈≈.# ##.............
≈⌠> #≈≈≈# ##............ ≈
≈≈≈..# ##...........
≈+#≈..# ##.......... .
....# ######..........
.....# #.........######
#.........###...


You could see Prince Ribbit.

Vanquished Creatures
  Edmund (D:5)
  Duvessa (D:5)
  2 scorpions (D:5)
  Dowan (D:5)
  A crimson imp (D:5)
  A hound (D:3)
  2 orc priests
  2 jellies (D:5)
  3 iguanas
  3 orc wizards
  5 gnolls
  6 adders
  A white imp (D:5)
  An ufetubus (D:5)
  A worm (D:5)
  4 dart slugs
  10 orcs
  7 ball pythons
  4 bats
  7 endoplasms
  A giant cockroach (D:2)
  10 goblins
  11 hobgoblins
  2 kobolds
  4 quokkas
  3 rats
94 creatures vanquished.

Vanquished Creatures (others)
  3 withered plants (D:1)
3 creatures vanquished.

Grand Total: 97 creatures vanquished

Notes
Turn   | Place    | Note
-------+----------+-------------------------------------------
     0 | D:1      | Bnni the Formicid Fighter began the quest for the Orb.
     0 | D:1      | Reached XP level 1. HP: 18/18 MP: 1/1
   211 | D:1      | Reached XP level 2. HP: 23/24 MP: 2/2
   349 | D:1      | Found Emetoul's Distillery.
   471 | D:1      | Reached XP level 3. HP: 29/29 MP: 3/3
   580 | D:1      | Found a faded altar of an unknown god.
   682 | D:1      | Found Wiut's Jewellery Shop.
  1136 | D:2      | Reached skill level 3 in Polearms
  1136 | D:2      | Reached skill level 5 in Shields
  1136 | D:2      | Reached XP level 4. HP: 37/37 MP: 4/4
  1414 | D:3      | Found a shadowy altar of Dithmenos.
  1445 | D:3      | Found a hazy altar of Hepliaklqana.
  1482 | D:3      | Reached XP level 5. HP: 28/42 MP: 5/5
  1684 | D:3      | Found a bloodstained altar of Trog.
  1838 | D:3      | Found a shimmering blue altar of Sif Muna.
  1899 | D:3      | Reached skill level 4 in Polearms
  1928 | D:3      | Found a glowing silver altar of Zin.
  2366 | D:4      | Reached XP level 6. HP: 36/49 MP: 6/6
  2370 | D:4      | HP: 1/49 [orc priest/divine providence (11)]
  2628 | D:4      | Found a hide-covered altar of Uskayaw.
  2720 | D:4      | Found a snail-covered altar of Cheibriados.
  2806 | D:4      | Reached skill level 5 in Polearms
  3244 | D:1      | Bought a potion of heal wounds for 65 gold pieces
  3244 | D:1      | Bought a potion of curing for 39 gold pieces
  3244 | D:1      | Bought a potion of curing for 39 gold pieces
  3244 | D:1      | Bought a potion of curing for 39 gold pieces
  3293 | D:5      | Entered Level 5 of the Dungeon
  3301 | D:5      | Reached skill level 5 in Fighting
  3349 | D:5      | Noticed Edmund
  3372 | D:5      | Killed Edmund
  3373 | D:5      | Reached XP level 7. HP: 9/56 MP: 7/7
  3388 | D:5      | Reached skill level 6 in Polearms
  3727 | D:5      | Noticed Dowan
  3756 | D:5      | Killed Dowan
  3800 | D:5      | Reached XP level 8. HP: 63/64 MP: 8/8
  3802 | D:5      | Noticed Duvessa
  3833 | D:5      | Killed Duvessa
  3834 | D:5      | Reached skill level 7 in Polearms
  3976 | D:5      | Found a burning altar of Makhleb.
  3976 | D:5      | Found a shimmering altar of Xom.
  4184 | D:5      | Found a stormy altar of Qazlal.
  4185 | D:5      | Noticed Prince Ribbit
  4202 | D:5      | HP: 1/97 [Prince Ribbit (11)]
  4204 | D:5      | Slain by Prince Ribbit

Illustrated notes

Levels and vault maps discovered:
D:1:      psy_arrival_statuary, layout_loops_ring, serial_shops,
          nicolae_square_shop, nicolae_lakefront_shop,
          shapermc_ecumenical_altar_flowoftime
D:2:      layout_loops_ring, grunt_ministairs_11, amcnicky_mini_pool_small
D:3:      layout_loops_ring, mainiacjoe_overflow_small_starburst,
          trog_hazing_becter, mainiacjoe_overflow_brackets,
          nicolae_dithmenos_the_darkroom, nicolae_overflow_crystal_walls
D:4:      layout_loops_cross, mainiacjoe_overflow_paths, marbit_many_paths
D:5:      layout_basic, grunt_temple_overflow_champion_of_chaos,
          nicolae_qazlal_general_emergency, uniq_prince_ribbit1, uniq_edmund,
          uniq_duvessa

Skill      XL: |  1  2  3  4  5  6  7  8 |
---------------+-------------------------+-----
Polearms       | 3 4 5 6 7 |  7.3
Shields        | 5 |  5.0
Fighting       | 4 5 6 |  6.3
Armour         | |  3.2

Action                   |  1- 3 |  4- 6 |  7- 9 || total
-------------------------+-------+-------+-------++-------
Melee: Trident           |    92 |   217 |    94 ||   403
Throw: Dart              |       |       |     9 ||     9
 Abil: Dig               |       |     1 |       ||     1
  Use: Potion            |       |     5 |     8 ||    13
Armor: Scale mail        |    28 |    69 |    20 ||   117
       Skin              |       |     2 |    12 ||    14
Dodge: Dodged            |    31 |    52 |    22 ||   105
Block: Buckler           |     8 |    39 |    16 ||    63

Table legend: (Time is in decaauts)
 A = Elapsed time spent in this place.
 B = Non-inter-level travel time spent in this place.
 C = Inter-level travel time spent in this place.
 D = Time resting spent in this place.
 E = Time spent auto-exploring this place.
 F = Levels seen in this place.
 G = Mean time per level.
                   A        B        C        D        E       F      G
               +--------+--------+--------+--------+--------+-----+--------+
         Total |   4250 |   4048 |    202 |    462 |   2783 |   5 |  850.0 |
       Dungeon |   4250 |   4048 |    202 |    462 |   2783 |   5 |  850.0 |
               +--------+--------+--------+--------+--------+-----+--------+

Top non-repeatable levels by time:
     D:4: 947 daAuts
     D:3: 923 daAuts
     D:5: 911 daAuts
     D:1: 762 daAuts
     D:2: 704 daAuts
